 Dungeon Crawl Stone Soup version 0.23.2-30-g0e89c35649 (webtiles) character file.

Game seed: 17017075203365385509

95 Solarlg the Covered (level 4, 0/40 HPs)
             Began as a Minotaur Fighter on June 10, 2019.
             Was an Initiate of Ru.
             Killed by divine providence
             ... invoked by an orc priest
              (14 damage)
             ... on level 4 of the Dungeon.
             The game lasted 00:07:51 (2580 turns).

Solarlg the Covered (Minotaur Fighter)              Turns: 2580, Time: 00:07:51

Health: 0/40       AC:  7    Str: 21    XL:     4   Next: 39%
Magic:  3/3        EV:  7    Int:  5    God:    Ru [......]
Gold:   168        SH:  9    Dex: 10    Spells: 3/3 levels left

rFire    . . .     SeeInvis .   a - +0 war axe
rCold    . . .     Gourm    .   c - +0 shield
rNeg     . . .     Faith    .   b - +0 scale mail
rPois    .         Spirit   .   (helmet restricted)
rElec    .         Reflect  .   (no cloak)
rCorr    .         Harm     .   (no gloves)
MR       .....                  (no boots)
Stlth    ..........             (no amulet)
HPRegen  0.13/turn              (no ring)
MPRegen  0.08/turn              (no ring)

@: no status effects
A: retaliatory headbutt, horns 2
a: Renounce Religion


You were on level 4 of the Dungeon.
You worshipped Ru.
Ru was noncommittal.
You were not hungry.

You visited 1 branch of the dungeon, and saw 4 of its levels.

You collected 168 gold pieces.

Inventory:

Hand Weapons
 a - a +0 war axe (weapon)
Armour
 b - a +0 scale mail (worn)
 c - a +0 shield (worn)
Jewellery
 t - an uncursed ring of magical power {unknown}
Scrolls
 g - a scroll of immolation {unknown}
 h - a scroll of enchant weapon {unknown}
 k - 3 scrolls of teleportation {unknown}
 n - a scroll of enchant armour {unknown}
 p - 2 scrolls of identify {unknown}
 r - 2 scrolls of remove curse {unknown}
 s - a scroll of magic mapping {unknown}
 u - a scroll of amnesia {unknown}
Potions
 d - a potion of might
 e - 5 potions of heal wounds
 i - 4 potions of curing {unknown}
 j - 4 potions of lignification
 l - a potion of agility {unknown}
 m - a potion of haste {unknown}
 o - a potion of degeneration {unknown}
Comestibles
 f - 5 rations


   Skills:
 + Level 4.1 Fighting
 + Level 3.8 Axes
 + Level 4.5 Armour
 + Level 0.1 Dodging
 + Level 4.3 Shields


You had 3 spell levels left.
You didn't know any spells.
Your spell library contained the following spells:

 Spells                   Type           Power        Failure   Level  Hunger
 Beastly Appendage        Tmut           #.....       99%         1    ##.....
 Corona                   Hex            #......      99%         1    ##.....
 Ensorcelled Hibernation  Hex/Ice        #.....       100%        2    ###....
 Confuse                  Hex            #.......     100%        3    ####...
 Dazzling Spray           Conj/Hex       #.....       100%        3    ####...
 Tukima's Dance           Hex            #.......     100%        3    ####...


Dungeon Overview and Level Annotations

Branches:
Dungeon (4/15)
 Temple: D:4-7

Altars:
Kikubaaqudgha
Ru
Sif Muna
Vehumet
The Shining One


Innate Abilities, Weirdness & Mutations

You reflexively headbutt those who attack you in melee.
You have a pair of horns on your head.


Message History

The orc shouts!
The orc wizard shouts!
The orc priest shouts!
The orc shouts!
Found a stone staircase leading down.
You hit the orc. Your headbutt misses the orc.
The orc is moderately wounded.
The orc hits you with a +0 falchion.
You closely miss the orc. You headbutt the orc, but do no damage.
The orc is moderately wounded.
The orc priest invokes the aid of Beogh against you.
Beogh smites you! The orc hits you with a +0 falchion.
The orc throws a tomahawk.
The tomahawk barely misses you.
You closely miss the orc.
The orc is moderately wounded.
You hit the orc wizard.
The orc priest invokes the aid of Beogh against you.
Beogh smites you! The orc wizard barely misses you. You block the orc's attack.
You are too injured to fight recklessly!
You are too injured to fight recklessly!
The orc priest mumbles some strange prayers to Beogh against you.
Beogh smites you!
You die...

#.# ##.# .# #.### #.#
.#### #.#.. ... ..#..
#.#.# .## ..#.# #.#.#
# # #.#.# .# # #.#.#
..# # #.#.###
###+###..# # #.#@..#
#........# # #.#o..#
#(.......#.# ##.#...#
#...........
#..'..o###.o.....##.#
#..#(.oo....#'##.#
#..#........#..#
#....(......'....
##.####.....##....
...# ####### #...#


You could see an orc priest, an orc wizard and 2 orcs.

Vanquished Creatures
  3 adders
  An ooze (D:2)
  2 worms (D:4)
  A dart slug (D:1)
  A leopard gecko (D:2)
  10 bats
  3 giant cockroaches
  4 goblins
  4 hobgoblins
  8 jackals
  3 quokkas
  A frilled lizard (D:2)
  5 kobolds
  3 rats (D:1)
49 creatures vanquished.

Notes
Turn   | Place    | Note
-------+----------+-------------------------------------------
     0 | D:1      | Solarlg the Minotaur Fighter began the quest for the Orb.
     0 | D:1      | Reached XP level 1. HP: 19/19 MP: 0/0
   397 | D:1      | Reached XP level 2. HP: 27/27 MP: 1/1
  1094 | D:2      | Reached XP level 3. HP: 33/33 MP: 2/2
  1113 | D:2      | Found a sacrificial altar of Ru.
  1692 | D:2      | Became a worshipper of Ru the Awakened
  1751 | D:3      | Found a faded altar of an unknown god.
  1822 | D:3      | Reached XP level 4. HP: 40/40 MP: 3/3
  1874 | D:3      | Found a deep blue altar of Sif Muna.
  1875 | D:3      | Found an ancient bone altar of Kikubaaqudgha.
  1876 | D:3      | Found a radiant altar of Vehumet.
  1880 | D:3      | Identified Sif Muna's Collected Works on Moulding
  2012 | D:3      | Found a glowing golden altar of the Shining One.
  2282 | D:4      | Noticed an ogre
  2580 | D:4      | Killed from afar by an orc priest

Skill      XL: |  1  2  3 |
---------------+----------+-----
Armour         | 4 |  4.5
Fighting       | 4 |  4.1
Axes           | 3 |  3.8
Shields        | 4 |  4.3
Dodging        | |  0.1

Action                   |  1- 3 |  4- 6 || total
-------------------------+-------+-------++-------
Melee: War axe           |    76 |    28 ||   104
       Headbutt          |     8 |     5 ||    13
  Use: Potion            |     2 |       ||     2
  Eat: Chunk             |     3 |       ||     3
       Ration            |       |     1 ||     1
Armor: Scale mail        |    40 |     7 ||    47
Dodge: Dodged            |    25 |     9 ||    34
Block: Shield            |    48 |    14 ||    62
